% Time on Ice - SASKATOON DUCKS
Lines # - Real PCT - Wanted PCT - Time Play
Normal Forward
1 - 30% - 36% - 14:42
2 - 30% - 31% - 14:43
3 - 23% - 23% - 11:03
4 - 17% - 10% - 8:08
Normal Defense
1 - 40% - 40% - 19:14
2 - 34% - 36% - 16:39
3 - 26% - 24% - 12:43
4 - 0% - 0% - 0:00
PP Forward
1 - 49% - 55% - 0:58
2 - 51% - 45% - 1:01
PP Defense
1 - 49% - 55% - 0:58
2 - 51% - 45% - 1:01
PK Forward
1 - 63% - 55% - 5:42
2 - 37% - 45% - 3:19
PK Defense
1 - 57% - 55% - 5:08
2 - 43% - 45% - 3:53
PK3 Forward
1 - 0% - 55%
2 - 0% - 45%
PK3 Defense
1 - 0% - 55%
2 - 0% - 45%
44 Forward
1 - 0% - 55%
2 - 0% - 45%
44 Defense
1 - 0% - 55%
2 - 0% - 45%
Last Minute Offensive  - 0:00
Last Minute Defensive  - 0:24
Total
Forward - 60:00
Defense - 60:00
% Time on Ice - EDMONTON ICE
Lines # - Real PCT - Wanted PCT - Time Play
Normal Forward
1 - 36% - 36% - 17:17
2 - 34% - 34% - 16:23
3 - 24% - 23% - 11:54
4 - 6% - 7% - 3:02
Normal Defense
1 - 37% - 37% - 17:45
2 - 35% - 33% - 17:15
3 - 25% - 24% - 12:14
4 - 3% - 6% - 1:22
PP Forward
1 - 58% - 60% - 5:15
2 - 42% - 40% - 3:46
PP Defense
1 - 53% - 55% - 4:46
2 - 47% - 45% - 4:15
PK Forward
1 - 77% - 57% - 1:32
2 - 23% - 43% - 0:27
PK Defense
1 - 45% - 57% - 0:53
2 - 55% - 43% - 1:06
PK3 Forward
1 - 0% - 55%
2 - 0% - 45%
PK3 Defense
1 - 0% - 55%
2 - 0% - 45%
44 Forward
1 - 0% - 55%
2 - 0% - 45%
44 Defense
1 - 0% - 55%
2 - 0% - 45%
Last Minute Offensive  - 0:24
Last Minute Defensive  - 0:00
Total
Forward - 60:00
Defense - 60:00
Play-by-Play 1st period 0:01 of 1st period - Sidney Crosby wins face-off versus Patric Hornqvist in neutral zone. 0:07 of 1st period - Shot by Sidney Crosby. 0:07 of 1st period - Stopped by Philipp Grubauer with a rebound. 0:09 of 1st period - Shot by Anthony Duclair. 0:09 of 1st period - Stopped by Philipp Grubauer without a rebound. 0:10 of 1st period - Ryan Strome wins face-off versus Vincent Trocheck in EDMONTON ICE zone. 0:19 of 1st period - Shot by Artemi Panarin. 0:19 of 1st period - Stopped by Philipp Grubauer with a rebound. 0:26 of 1st period - Jonas Brodin is hit by Andrej Sekera and loses puck. 0:41 of 1st period - Vincent Trocheck is hit by Kevin Shattenkirk and loses puck. 0:52 of 1st period - Shot by Anthony Mantha. 0:52 of 1st period - Deflect By Vincent Trocheck. 0:52 of 1st period - Shot Misses the Net. 1:22 of 1st period - Samuel Girard is hit by Austin Watson and loses puck. 1:55 of 1st period - Warren Foegele is hit by Jeff Petry and loses puck. 2:28 of 1st period - Shot by Ryan O'Reilly. 2:28 of 1st period - Shot Misses the Net. 3:20 of 1st period - Shot by William Nylander. 3:20 of 1st period - Deflect By Sidney Crosby. 3:20 of 1st period - Stopped by Philipp Grubauer with a rebound. 3:22 of 1st period - Shot by Zach Bogosian. 3:22 of 1st period - Stopped by Philipp Grubauer without a rebound. 3:23 of 1st period - Valtteri Filppula wins face-off versus Tanner Jeannot in EDMONTON ICE zone. 3:26 of 1st period - Shot by Valtteri Filppula. 3:26 of 1st period - Stopped by Philipp Grubauer without a rebound. 3:27 of 1st period - Valtteri Filppula wins face-off versus Mathieu Perreault in EDMONTON ICE zone. 3:27 of 1st period - Valtteri Filppula is hit by Zach Whitecloud. 3:32 of 1st period - Blake Comeau is hit by Ryan Graves and loses puck. 3:56 of 1st period - Icing by Zach Whitecloud. 3:57 of 1st period - Sidney Crosby wins face-off versus Mathieu Perreault in EDMONTON ICE zone. 3:57 of 1st period - Anthony Duclair is hit by Ryan Graves and loses puck. 4:10 of 1st period - Shot by William Nylander. 4:10 of 1st period - Shot Misses the Net. 4:28 of 1st period - Shot by Ryan O'Reilly. 4:28 of 1st period - Shot Misses the Net. 4:55 of 1st period - Ryan O'Reilly is hit by Nikita Zadorov and loses puck. 5:50 of 1st period - Ryan Strome is hit by Vincent Trocheck and loses puck. 5:59 of 1st period - Shot by Vincent Trocheck. 5:59 of 1st period - Deflect By Phil Kessel. 5:59 of 1st period - Shot Misses the Net. 6:01 of 1st period - Shot by Anthony Mantha. 6:01 of 1st period - Stopped by Jordan Binnington without a rebound. 6:02 of 1st period - Mathieu Joseph wins face-off versus Boone Jenner in SASKATOON DUCKS zone. 6:11 of 1st period - Shot by Valtteri Filppula. 6:11 of 1st period - Shot Misses the Net. 7:19 of 1st period - Shot by Ryan Strome. 7:19 of 1st period - Shot Blocked by Zach Whitecloud. 7:21 of 1st period - Shot by Artemi Panarin. 7:21 of 1st period - Goal by Artemi Panarin - SASKATOON DUCKS : 1 - EDMONTON ICE : 0. 7:22 of 1st period - Ryan O'Reilly wins face-off versus Derick Brassard in neutral zone. 7:22 of 1st period - Timo Meier is hit by Derick Brassard and loses puck. 7:39 of 1st period - Shot by Kailer Yamamoto. 7:39 of 1st period - Shot Blocked by Shea Theodore. 7:57 of 1st period - Shot by Kailer Yamamoto. 7:57 of 1st period - Deflect By Derick Brassard. 7:57 of 1st period - Stopped by Philipp Grubauer without a rebound. 7:58 of 1st period - Ryan Strome wins face-off versus Vincent Trocheck in EDMONTON ICE zone. 8:17 of 1st period - Shot by Jakub Vrana. 8:17 of 1st period - Deflect By Ryan Strome. 8:17 of 1st period - Shot Blocked by Nikita Zaitsev. 8:19 of 1st period - Shot by Artemi Panarin. 8:19 of 1st period - Shot Misses the Net. 8:21 of 1st period - Shot by Jakub Vrana. 8:21 of 1st period - Shot Misses the Net. 8:23 of 1st period - Shot by Kevin Shattenkirk. 8:23 of 1st period - Stopped by Philipp Grubauer without a rebound. 8:24 of 1st period - Ryan O'Reilly wins face-off versus Sidney Crosby in EDMONTON ICE zone. 8:31 of 1st period - Shot by Patric Hornqvist. 8:31 of 1st period - Deflect By Ryan O'Reilly. 8:31 of 1st period - Shot Hit the Post. 8:33 of 1st period - Shot by Jeff Petry. 8:33 of 1st period - Shot Blocked by Nikita Zadorov. 8:35 of 1st period - Shot by Ryan O'Reilly. 8:35 of 1st period - Shot Misses the Net. 8:37 of 1st period - Shot by Ryan O'Reilly. 8:37 of 1st period - Goal by Ryan O'Reilly - SASKATOON DUCKS : 1 - EDMONTON ICE : 1. 8:38 of 1st period - Vincent Trocheck wins face-off versus Jakub Vrana in neutral zone. 9:05 of 1st period - Shot by Vincent Trocheck. 9:05 of 1st period - Stopped by Jordan Binnington with a rebound. 9:15 of 1st period - Andrej Sekera is hit by Vincent Trocheck and loses puck. 9:33 of 1st period - Icing by Andrej Sekera. 9:34 of 1st period - Ryan O'Reilly wins face-off versus Ryan Strome in SASKATOON DUCKS zone. 9:43 of 1st period - Shot by Jeff Petry. 9:43 of 1st period - Shot Misses the Net. 11:07 of 1st period - Shot by Joel Eriksson Ek. 11:07 of 1st period - Stopped by Jordan Binnington without a rebound. 11:08 of 1st period - Vincent Trocheck wins face-off versus Blake Comeau in SASKATOON DUCKS zone. 12:51 of 1st period - Minor Penalty to Andrej Sekera for Cross-checking. 12:52 of 1st period - Ryan Strome wins face-off versus Patric Hornqvist in SASKATOON DUCKS zone. 13:32 of 1st period - Shot by Ryan Strome. 13:32 of 1st period - Shot Misses the Net. 13:34 of 1st period - Shot by Anthony Duclair. 13:34 of 1st period - Deflect By Ryan Strome. 13:34 of 1st period - Goal by Ryan Strome - SASKATOON DUCKS : 2 - EDMONTON ICE : 1. 13:35 of 1st period - Warren Foegele wins face-off versus Vincent Trocheck in neutral zone. 13:35 of 1st period - Warren Foegele is hit by Vincent Trocheck. 14:11 of 1st period - Shot by Vincent Trocheck. 14:11 of 1st period - Stopped by Jordan Binnington without a rebound. 14:12 of 1st period - Ryan Strome wins face-off versus Ryan O'Reilly in SASKATOON DUCKS zone. 14:41 of 1st period - Shot by Patric Hornqvist. 14:41 of 1st period - Shot Misses the Net. 15:19 of 1st period - Shot by Valtteri Filppula. 15:19 of 1st period - Shot Misses the Net. 16:18 of 1st period - Shot by Vincent Trocheck. 16:18 of 1st period - Stopped by Jordan Binnington without a rebound. 16:19 of 1st period - Sidney Crosby wins face-off versus Ryan O'Reilly in SASKATOON DUCKS zone. 16:19 of 1st period - Sidney Crosby is hit by Patric Hornqvist. 16:44 of 1st period - Shea Theodore is hit by Sidney Crosby and loses puck. 16:57 of 1st period - Shot by Ryan O'Reilly. 16:57 of 1st period - Stopped by Jordan Binnington without a rebound. 16:57 of 1st period - Minor Penalty to Nikita Zadorov for Slashing. 16:58 of 1st period - Ryan Strome wins face-off versus Vincent Trocheck in SASKATOON DUCKS zone. 17:09 of 1st period - Shot by Phil Kessel. 17:09 of 1st period - Shot Misses the Net. 17:11 of 1st period - Shot by Jonas Brodin. 17:11 of 1st period - Shot Blocked by Kailer Yamamoto. 17:13 of 1st period - Shot by Ryan Graves. 17:13 of 1st period - Shot Blocked by Alex Goligoski. 17:15 of 1st period - Shot by Vincent Trocheck. 17:15 of 1st period - Stopped by Jordan Binnington without a rebound. 17:16 of 1st period - Ryan O'Reilly wins face-off versus Ryan Strome in SASKATOON DUCKS zone. 17:21 of 1st period - Shot by Patric Hornqvist. 17:21 of 1st period - Stopped by Jordan Binnington without a rebound. 17:22 of 1st period - Vincent Trocheck wins face-off versus Ryan Strome in SASKATOON DUCKS zone. 17:28 of 1st period - Shot by Vincent Trocheck. 17:28 of 1st period - Shot Blocked by Andrej Sekera. 17:46 of 1st period - Shot by Shea Theodore. 17:46 of 1st period - Stopped by Jordan Binnington without a rebound. 17:47 of 1st period - Ryan Strome wins face-off versus Ryan O'Reilly in SASKATOON DUCKS zone. 17:47 of 1st period - Ryan Strome is hit by Patric Hornqvist. 18:51 of 1st period - Shot by Shea Theodore. 18:51 of 1st period - Stopped by Jordan Binnington without a rebound. 18:52 of 1st period - Ryan Strome wins face-off versus Vincent Trocheck in SASKATOON DUCKS zone. 19:08 of 1st period - Icing by Nikita Zadorov. 19:09 of 1st period - Vincent Trocheck wins face-off versus Valtteri Filppula in SASKATOON DUCKS zone. Goals for this period are 2 for SASKATOON DUCKS vs 1 for EDMONTON ICE. Shots for this period are 10 for SASKATOON DUCKS vs 11 for EDMONTON ICE. 2nd period 0:01 of 2nd period - Timo Meier wins face-off versus William Nylander in neutral zone. 0:04 of 2nd period - Shot by Patric Hornqvist. 0:04 of 2nd period - Shot Misses the Net. 0:06 of 2nd period - Shot by Shea Theodore. 0:06 of 2nd period - Shot Misses the Net. 0:08 of 2nd period - Shot by Ryan O'Reilly. 0:08 of 2nd period - Stopped by Jordan Binnington without a rebound. 0:09 of 2nd period - Ryan O'Reilly wins face-off versus Sidney Crosby in SASKATOON DUCKS zone. 0:18 of 2nd period - Shot by Timo Meier. 0:18 of 2nd period - Shot Misses the Net. 0:20 of 2nd period - Shot by Ryan O'Reilly. 0:20 of 2nd period - Shot Misses the Net. 0:22 of 2nd period - Shot by Patric Hornqvist. 0:22 of 2nd period - Shot Misses the Net. 0:24 of 2nd period - Shot by Patric Hornqvist. 0:24 of 2nd period - Stopped by Jordan Binnington with a rebound. 0:46 of 2nd period - Shot by Ryan O'Reilly. 0:46 of 2nd period - Deflect By Patric Hornqvist. 0:46 of 2nd period - Stopped by Jordan Binnington without a rebound. 0:47 of 2nd period - Vincent Trocheck wins face-off versus Ryan Strome in SASKATOON DUCKS zone. 1:00 of 2nd period - Off-side. 1:01 of 2nd period - Boone Jenner wins face-off versus Warren Foegele in neutral zone. 1:16 of 2nd period - Minor Penalty to Zach Bogosian for Holding. 1:17 of 2nd period - Ryan O'Reilly wins face-off versus Ryan Strome in SASKATOON DUCKS zone. 1:18 of 2nd period - Shot by Patric Hornqvist. 1:18 of 2nd period - Shot Misses the Net. 1:33 of 2nd period - Off-side. 1:34 of 2nd period - Vincent Trocheck wins face-off versus Ryan Strome in neutral zone. 1:45 of 2nd period - Shot by Vincent Trocheck. 1:45 of 2nd period - Goal by Vincent Trocheck - SASKATOON DUCKS : 2 - EDMONTON ICE : 2. 1:46 of 2nd period - Derick Brassard wins face-off versus Ryan O'Reilly in neutral zone. 2:04 of 2nd period - Icing by Patric Hornqvist. 2:05 of 2nd period - Ryan O'Reilly wins face-off versus Ryan Strome in EDMONTON ICE zone. 2:14 of 2nd period - Ryan Strome is hit by Patric Hornqvist and loses puck. 2:26 of 2nd period - Shot by Artemi Panarin. 2:26 of 2nd period - Stopped by Philipp Grubauer without a rebound. 2:27 of 2nd period - Sidney Crosby wins face-off versus Vincent Trocheck in EDMONTON ICE zone. 2:30 of 2nd period - Shot by Sidney Crosby. 2:30 of 2nd period - Stopped by Philipp Grubauer without a rebound. 2:31 of 2nd period - Sidney Crosby wins face-off versus Vincent Trocheck in EDMONTON ICE zone. 3:17 of 2nd period - Icing by Nikita Zaitsev. 3:18 of 2nd period - Ryan Strome wins face-off versus Vincent Trocheck in EDMONTON ICE zone. 3:27 of 2nd period - Shot by Jakub Vrana. 3:27 of 2nd period - Shot Misses the Net. 3:43 of 2nd period - Shot by Artemi Panarin. 3:43 of 2nd period - Shot Misses the Net. 3:45 of 2nd period - Shot by Artemi Panarin. 3:45 of 2nd period - Shot Misses the Net. 3:47 of 2nd period - Shot by Artemi Panarin. 3:47 of 2nd period - Deflect By Ryan Strome. 3:47 of 2nd period - Stopped by Philipp Grubauer with a rebound. 4:41 of 2nd period - Icing by Warren Foegele. 4:42 of 2nd period - Derick Brassard wins face-off versus Boone Jenner in SASKATOON DUCKS zone. 4:42 of 2nd period - Derick Brassard is hit by Austin Watson. 4:47 of 2nd period - Warren Foegele is hit by Ryan Graves and loses puck. 5:40 of 2nd period - Shot by William Nylander. 5:40 of 2nd period - Shot Misses the Net. 5:56 of 2nd period - Anthony Duclair is hit by Ryan O'Reilly and loses puck. 6:18 of 2nd period - Shot by Ryan Strome. 6:18 of 2nd period - Shot Blocked by Jeff Petry. 6:29 of 2nd period - Icing by Ryan Strome. 6:30 of 2nd period - Vincent Trocheck wins face-off versus Ryan Strome in SASKATOON DUCKS zone. 6:35 of 2nd period - Shot by Vincent Trocheck. 6:35 of 2nd period - Stopped by Jordan Binnington without a rebound. 6:36 of 2nd period - Blake Comeau wins face-off versus Mathieu Perreault in SASKATOON DUCKS zone. 7:59 of 2nd period - Off-side. 8:00 of 2nd period - Sidney Crosby wins face-off versus Ryan O'Reilly in neutral zone. 8:04 of 2nd period - Sidney Crosby is hit by Shea Theodore and loses puck. 8:12 of 2nd period - Icing by Shea Theodore. 8:13 of 2nd period - Derick Brassard wins face-off versus Ryan O'Reilly in EDMONTON ICE zone. 8:13 of 2nd period - Derick Brassard is hit by Shea Theodore. 8:23 of 2nd period - Shot by Ryan O'Reilly. 8:23 of 2nd period - Stopped by Jordan Binnington without a rebound. 8:24 of 2nd period - Boone Jenner wins face-off versus Ryan Strome in SASKATOON DUCKS zone. 8:42 of 2nd period - Jakub Vra